 Dungeon Crawl Stone Soup version 0.23-a0-180-ga5275e7 (webtiles) character file.

5770 Amnesiac the Black Sun (level 10, -7/70 HPs)
             Began as a Mummy Monk on Sept 18, 2018.
             Was a High Priest of Kikubaaqudgha.
             Mangled by Snorg (12 damage)
             ... on level 11 of the Dungeon.
             The game lasted 00:26:26 (12527 turns).

Amnesiac the Black Sun (Mummy Monk)                Turns: 12527, Time: 00:26:27

Health: -7/70      AC:  4    Str: 14    XL:     10   Next: 49%
Magic:  1/24       EV: 13    Int: 14    God:    Kikubaaqudgha [*****.]
Gold:   526        SH:  6    Dex: 14    Spells: 5/29 levels left

rFire    . . .     SeeInvis .   b - +1 shortbow (flame)
rCold    + . .     Gourm    .   (shield currently unavailable)
rNeg     + + +     Faith    .   c - +0 leather armour
rPois    ∞         Spirit   .   k - +1 hat
rElec    .         Reflect  +   (no cloak)
rCorr    .         Harm     .   (no gloves)
MR       +....                  (no boots)
Stlth    ++........             l - +6 amulet of reflection
HPRegen  0.21/turn              (no ring)
MPRegen  0.19/turn              q - ring of protection from fire

@: no status effects
A: no food or potions, fire vulnerability, cold resistance 1, negative energy
resistance 3, torment resistance, unbreathing
a: Receive Corpses, Torment, Renounce Religion


You were on level 11 of the Dungeon.
You worshipped Kikubaaqudgha.
Kikubaaqudgha was extremely pleased with you.
You were not hungry.

You visited 1 branch of the dungeon, and saw 10 of its levels.
You also visited: Sewer.

You collected 526 gold pieces.

Inventory:

Hand Weapons
 a - a +4 dire flail of freezing
 b - a +1 shortbow of flaming (weapon)
Missiles
 f - 184 arrows (quivered)
Armour
 c - a +0 leather armour (worn)
 k - a +1 hat (worn)
Jewellery
 d - an uncursed ring of stealth
 l - a +6 amulet of reflection (around neck)
 p - an uncursed amulet of guardian spirit
 q - a ring of protection from fire (right hand)
Wands
 e - a wand of flame (11)
 o - a wand of digging (22)
Scrolls
 g - 2 scrolls of remove curse {!r}
 j - 5 scrolls of teleportation {!r}
 n - a scroll of enchant weapon {!r}
 s - 3 scrolls of fog {!r}
 u - 2 scrolls of magic mapping {!r}


   Skills:
 + Level 3.6 Fighting
   Level 2.4 Polearms
 - Level 4.0 Dodging
 - Level 1.5 Stealth
 + Level 10.3 Spellcasting
 * Level 12.1 Necromancy


You had 5 spell levels left.
You knew the following spells:

 Your Spells              Type           Power        Failure   Level  Hunger
a - Agony                 Necr           #####...     2%          5    N/A
b - Animate Dead          Necr           N/A          1%          4    N/A
c - Dispel Undead         Necr           #####...     2%          5    N/A
d - Vampiric Draining     Necr           #####.....   1%          3    N/A
e - Pain                  Necr           ####         1%          1    N/A
f - Passwall              Tmut/Erth      #.......     21%         2    N/A
s - Corpse Rot            Necr           N/A          1%          2    N/A
v - Blink                 Tloc           N/A          21%         2    N/A

Your spell library contained the following spells:

 Spells                   Type           Power        Failure   Level  Hunger
 Animate Skeleton         Necr           N/A          1%          1    N/A
 Freeze                   Ice            #...         13%         1    N/A
 Magic Dart               Conj           #...         13%         1    N/A
 Sandblast                Erth           #.....       13%         1    N/A
 Call Imp                 Summ           #.......     21%         2    N/A
 Poisonous Vapours        Pois/Air       #.....       21%         2    N/A
 Slow                     Hex            #.......     21%         2    N/A
 Throw Frost              Conj/Ice       #.....       21%         2    N/A
 Excruciating Wounds      Chrm/Necr      ###.......   30%         5    N/A
 Conjure Flame            Conj/Fire      #.......     36%         3    N/A
 Mephitic Cloud           Conj/Pois/Air  #.......     36%         3    N/A
 Ozocubu's Armour         Chrm/Ice       #.......     36%         3    N/A
 Stone Arrow              Conj/Erth      #.....       36%         3    N/A
 Petrify                  Tmut/Erth      #.......     78%         4    N/A
 Summon Ice Beast         Ice/Summ       #.......     78%         4    N/A
 Throw Icicle             Conj/Ice       #.......     78%         4    N/A
 Lee's Rapid Deconstruct  Erth           #.........   98%         5    N/A
 Death Channel            Necr           #####.....   14%         6    N/A
 Freezing Cloud           Conj/Ice/Air   #.........   100%        6    N/A
 Ring of Flames           Chrm/Fire      #.........   100%        7    N/A

Dungeon Overview and Level Annotations

Branches:
Dungeon (9/15)             Temple (0/1) D:6            Lair (0/6) D:9
    Orc: D:9-12

Altars:
Fedhas
Gozag
Kikubaaqudgha
Okawaru
Uskayaw

Annotations:
D:11 Snorg


Innate Abilities, Weirdness & Mutations

You do not eat or drink.
Your flesh is vulnerable to fire.
You are immune to poison.
Your flesh is cold resistant. (rC+)
You are immune to negative energy. (rN+++)
You are immune to unholy pain and torment.
You can survive without breathing.


Message History

Aiming: Agony (safe; 2% risk of failure)
Press: ? - help, Shift-Dir - straight line, f - Snorg
Aim: Snorg (chance to defeat MR: 80%) Snorg convulses!
Unknown command.
Casting: Agony (safe; 2% risk of failure)
Confirm with . or Enter, or press ? or * to list all spells.
Aiming: Agony (safe; 2% risk of failure)
Press: ? - help, Shift-Dir - straight line, f/p - Snorg
Aim: Snorg (heavily wounded, chance to defeat MR: 80%) Snorg convulses!
Unknown command.
Evoke which item? (* to show all) (? for menu, Esc to quit)
Okay, then.
Casting: Agony (safe; 2% risk of failure)
Confirm with . or Enter, or press ? or * to list all spells.
Aiming: Agony (safe; 2% risk of failure)
Press: ? - help, Shift-Dir - straight line, f/p - Snorg
Aim: Snorg (severely wounded, chance to defeat MR: 80%) Snorg convulses!
Unknown command.
Kikubaaqudgha delivers you corpses!
Snorg goes berserk!
Casting: Agony (safe; 2% risk of failure)
Confirm with . or Enter, or press ? or * to list all spells.
You call on the dead to rise...
The dead are walking!
Casting: Animate Dead (safe; 1% risk of failure)
Confirm with . or Enter, or press ? or * to list all spells.
Okay, then.
Casting: Animate Dead (safe; 1% risk of failure)
Confirm with . or Enter, or press ? or * to list all spells.
Aiming: Pain (safe; 1% risk of failure)
Press: ? - help, Shift-Dir - straight line, f/p - Snorg
Aim: Snorg (almost dead, berserk, fast, unusually strong, chance to defeat MR:
Okay, then.
Unknown command.
Casting: Pain (safe; 1% risk of failure)
Confirm with . or Enter, or press ? or * to list all spells.
Aiming: Pain (safe; 1% risk of failure)
Press: ? - help, Shift-Dir - straight line, f/p - Snorg
Aim: Snorg (almost dead, berserk, fast, unusually strong, chance to defeat MR: Snorg writhes in agony!
You block Snorg's attack. Snorg claws you! Snorg misses you.
Unknown command.
Casting: Pain (safe; 1% risk of failure)
Confirm with . or Enter, or press ? or * to list all spells.
Aiming: Pain (safe; 1% risk of failure)
Press: ? - help, Shift-Dir - straight line, f/p - Snorg
Aim: Snorg (almost dead, berserk, fast, unusually strong, chance to defeat MR:
Okay, then.
Casting: Pain (safe; 1% risk of failure)
Confirm with . or Enter, or press ? or * to list all spells.
Aiming: Pain (safe; 1% risk of failure)
Press: ? - help, Shift-Dir - straight line, f/p - Snorg
Aim: Snorg (almost dead, berserk, fast, unusually strong, chance to defeat MR: Snorg writhes in agony!
Snorg bites you!!
* * * LOW HITPOINT WARNING * * *
Snorg claws you!
* * * LOW HITPOINT WARNING * * *
You block Snorg's attack. Snorg bites you!
* * * LOW HITPOINT WARNING * * *
Snorg claws you!
You die...
Kikubaaqudgha rasps: "You have failed me!
Welcome... oblivion!"

..........%....
...............#
..............##
...............##
.....(.(........###.
......((.........#...
.......ZZ............
.......TZ.)..........
#......@.............
.........#...........
........#............
.......##.##.........
........##...).....#..
...............#..## ...
...........#..##..... ....
.......#..##.......###.%..
......##.....#...#.# #...


You could see Snorg (berserk), a friendly goblin zombie, a friendly kobold
demonologist zombie and a friendly centaur warrior zombie.

Vanquished Creatures
  Harold (D:8)
  A manticore (D:11)
  Prince Ribbit (D:4)
  A wraith (D:11)
  4 hungry ghosts
  2 humans (D:7)
  Duvessa (D:7)
  An orc warrior (D:7)
  An ice beast (D:9)
  A sky beast (D:6)
  A black bear (D:9)
  2 ogres
  A phantom (D:9)
  5 centaurs
  4 big kobolds (Sewer)
  4 bullfrogs
  2 scorpions (D:7)
  6 killer bees (D:8)
  7 wights
  Dowan (D:7)
  2 electric eels (D:3)
  3 howler monkeys
  2 crimson imps
  A jelly (D:6)
  2 bullfrog skeletons
  4 hounds
  A centaur skeleton (D:8)
  5 orc priests
  2 iguanas
  5 worker ants
  An orc wizard (D:4)
  A hound skeleton (D:8)
  17 adders
  A howler monkey skeleton (D:5)
  A river rat (Sewer)
  2 shadow imps
  8 oozes
  An adder skeleton (D:4)
  4 worms
  2 dart slugs
  8 leopard geckos
  18 orcs
  3 ball pythons
  6 bats
  5 giant cockroaches
  4 goblins
  4 hobgoblins
  10 jackals
  5 quokkas
  A ball python skeleton (D:4)
  A frilled lizard (D:1)
  A jackal skeleton (D:4)
  8 kobolds
  A leopard gecko skeleton (D:5)
  13 rats
200 creatures vanquished.

Vanquished Creatures (collateral kills)
  An orc wizard (D:7)
1 creature vanquished.

Vanquished Creatures (others)
  A centaur (D:5)
  An orc (D:8)
2 creatures vanquished.

Grand Total: 203 creatures vanquished

Notes
Turn   | Place    | Note
-------+----------+-------------------------------------------
     0 | D:1      | Amnesiac the Mummy Monk began the quest for the Orb.
     0 | D:1      | Reached XP level 1. HP: 18/18 MP: 1/1
     3 | D:1      | Noticed an electric eel
     3 | D:1      | Noticed an electric eel
   124 | D:2      | Reached skill level 1 in Spellcasting
   140 | D:2      | Reached XP level 2. HP: 13/24 MP: 3/5
   470 | D:3      | Reached XP level 3. HP: 17/29 MP: 7/7
  1048 | D:3      | Found a transporter.
  1069 | D:3      | Reached XP level 4. HP: 31/35 MP: 7/9
  1079 | D:3      | Found a transporter.
  1239 | D:3      | Found a hide-covered altar of Uskayaw.
  1354 | D:4      | Learned a level 2 spell: Blink
  1355 | D:5      | Entered Level 5 of the Dungeon
  1524 | D:4      | Reached XP level 5. HP: 18/41 MP: 12/12
  1713 | D:4      | Found an ancient bone altar of Kikubaaqudgha.
  1721 | D:4      | Became a worshipper of Kikubaaqudgha
  1721 | D:4      | Reached * piety under Kikubaaqudgha
  1721 | D:4      | Identified Kikubaaqudgha's Catalogue of Darkness
                  | (Kikubaaqudgha gifted it to you on level 4 of the Dungeon)
  1721 | D:4      | Received a gift from Kikubaaqudgha
  1721 | D:4      | Reached ** piety under Kikubaaqudgha
  1860 | D:1      | Learned a level 2 spell: Corpse Rot
  2177 | D:1      | Reached skill level 5 in Spellcasting
  2614 | D:1      | Learned a level 3 spell: Vampiric Draining
  2691 | D:2      | Learned a level 1 spell: Pain
  2717 | D:2      | Reached skill level 1 in Necromancy
  2836 | D:2      | Found an opulent altar of Gozag.
  3950 | D:4      | Reached skill level 2 in Necromancy
  3958 | D:4      | Reached XP level 6. HP: 23/47 MP: 5/13
  4456 | D:4      | Reached skill level 3 in Necromancy
  4733 | D:5      | Reached *** piety under Kikubaaqudgha
  4733 | D:5      | Identified Kikubaaqudgha's Grimoire of Dark Rituals
                  | (Kikubaaqudgha gifted it to you on level 5 of the Dungeon)
  4733 | D:5      | Received a gift from Kikubaaqudgha
  4740 | D:5      | Learned a level 4 spell: Animate Dead
  4873 | D:5      | Reached skill level 4 in Necromancy
  5031 | D:5      | Reached XP level 7. HP: 24/52 MP: 11/14
  5200 | D:5      | Found a blossoming altar of Fedhas.
  5213 | D:5      | Reached skill level 5 in Necromancy
  5234 | D:5      | Noticed Prince Ribbit
  5497 | D:4      | Killed Prince Ribbit
  5497 | D:4      | Reached skill level 6 in Necromancy
  5992 | D:5      | Reached XP level 8. HP: 58/58 MP: 14/16
  6232 | D:6      | Reached skill level 7 in Necromancy
  6277 | D:6      | Learned a level 5 spell: Dispel Undead
  6433 | D:6      | Found a glowing drain.
  6477 | Sewer    | Entered a sewer
  6672 | Sewer    | Reached skill level 8 in Necromancy
  6899 | Sewer    | Reached **** piety under Kikubaaqudgha
  7446 | D:6      | Found a staircase to the Ecumenical Temple.
  8072 | D:7      | Reached skill level 9 in Necromancy
  8135 | D:7      | Reached XP level 9. HP: 53/63 MP: 18/20
  8198 | D:7      | Found an iron altar of Okawaru.
  8456 | D:7      | Learned a level 5 spell: Agony
  8761 | D:7      | Reached skill level 10 in Necromancy
  9148 | D:7      | Noticed Dowan
  9150 | D:7      | Noticed Duvessa
  9159 | D:7      | Killed Dowan
  9295 | D:7      | Killed Duvessa
  9640 | D:7      | Reached ***** piety under Kikubaaqudgha
 10292 | D:8      | Noticed Harold
 10429 | D:8      | Reached skill level 11 in Necromancy
 10591 | D:8      | Killed Harold
 10591 | D:8      | Reached XP level 10. HP: 62/70 MP: 4/23
 11919 | D:9      | Learned a level 2 spell: Passwall
 11982 | D:9      | Reached skill level 10 in Spellcasting
 12022 | D:9      | Found a staircase to the Lair.
 12055 | D:9      | You fall through a shaft for 2 floors!
 12076 | D:11     | Noticed a manticore
 12100 | D:11     | HP: 1/70 [manticore (4)]
 12101 | D:11     | Killed a manticore
 12101 | D:11     | Reached skill level 12 in Necromancy
 12519 | D:11     | Noticed Snorg
 12527 | D:11     | Mangled by Snorg

Vault maps used:
D:1:      arrival_aquarium_b
D:2:      grunt_gozag_breadcrumbs, first_ration
D:3:      gammafunk_steamed_eel, overflow_temple_1_default, grunt_ministairs_4,
          glass_columns_a, dk_noncrumbling_4
D:4:      nicolae_overflow_crystal_walls
D:5:      fedhas_bush_and_centaur_altar, uniq_prince_ribbit1
D:6:      minmay_temple_entry_nine_rooms, gup_sewer_entry_glass
D:7:      okawaru_humans, grunt_ogre_cave, uniq_duvessa
D:8:      grunt_decor_cap, uniq_harold
D:9:      chequers_temple_overflow_minitemple, lair_entry_dummy, minivault_19,
          kb_lookout_dungeons_type
D:11:     erik_orc_1, hangedman_decor_points, uniq_snorg
Sewer:    sewer_co_tree

Skill      XL: |  1  2  3  4  5  6  7  8  9 10 |
---------------+-------------------------------+-----
Spellcasting   | 2 3 4 5 7 9 10 | 10.3
Dodging        | 3 4 |  4.0
Necromancy     | 2 4 6 9 11 12 | 12.1
Fighting       | |  3.6
Polearms       | |  2.4
Stealth        | |  1.5

Action                   |  1- 3 |  4- 6 |  7- 9 | 10-12 || total
-------------------------+-------+-------+-------+-------++-------
Melee: Spear             |    76 |   321 |    48 |       ||   445
       Trident           |       |       |   259 |       ||   259
       Dire flail        |       |       |    77 |    12 ||    89
 Fire: Shortbow          |       |       |       |    79 ||    79
 Cast: Pain              |       |    41 |    85 |    13 ||   139
       Corpse Rot        |       |     6 |     7 |     1 ||    14
       Vampiric Draining |       |     3 |    27 |    10 ||    40
       Dispel Undead     |       |       |    11 |     2 ||    13
       Animate Dead      |       |       |     2 |     3 ||     5
       Agony             |       |       |    28 |     6 ||    34
Invok: Receive Corpses   |       |       |       |     2 ||     2
Evoke: Wand              |     1 |     1 |    23 |     1 ||    26
  Use: Scroll            |       |     3 |     6 |     7 ||    16
 Stab: Sleeping          |     1 |     6 |     9 |       ||    16
       Distracted        |       |       |     1 |       ||     1
Armor: Robe              |     4 |       |       |       ||     4
       Leather armour    |    15 |    39 |    73 |    13 ||   140
       Plate armour      |       |    45 |       |       ||    45
Dodge: Dodged            |    46 |   180 |   252 |    44 ||   522
Block: Other             |       |    20 |   105 |    14 ||   139
       Reflection        |       |     3 |     6 |     1 ||    10

Table legend:
 A = Non-vault XP
 B = Vault XP
 C = Vault XP percentage of total XP
 D = Non-vault monster count
 E = Vault monster count
 F = Vault count percentage of total count
                 A         B        C        D         E       F
            +---------+---------+-------+---------+---------+-------
      Total |    5552 |    2691 |  32.6 |     160 |      43 |  21.2
            +---------+---------+-------+---------+---------+-------
        D:1 |      40 |       0 |   0.0 |      20 |       0 |   0.0
        D:2 |     102 |       0 |   0.0 |      24 |       0 |   0.0
        D:3 |      35 |     128 |  78.5 |      12 |       4 |  25.0
        D:4 |     278 |     264 |  48.7 |      16 |       1 |   5.9
        D:5 |     468 |     112 |  19.3 |      15 |       1 |   6.2
        D:6 |     599 |      28 |   4.5 |      12 |       3 |  20.0
        D:7 |    1427 |     713 |  33.3 |      32 |       5 |  13.5
        D:8 |     747 |     976 |  56.6 |      18 |       1 |   5.3
        D:9 |     698 |       0 |   0.0 |       6 |       0 |   0.0
       D:11 |    1158 |       0 |   0.0 |       5 |       0 |   0.0
      Sewer |       0 |     470 | 100.0 |       0 |      28 | 100.0
            +---------+---------+-------+---------+---------+-------
